Cogmind - Beta 17.1 @@@ ROGUE MODE // 2026.09.25 @ 01:42:33 Player: Caluan Result: Destroyed by Autobeam Turret with Autobeam Performance ------------- Evolutions (0) 0 Regions Visited (2) 400 Robots Destroyed (30) 150 Value Destroyed (586) 586 Prototype IDs (0) 0 Alien Tech Used (0) 0 Bonus (0) 0 TOTAL SCORE: 1136 Bonus ------- None Cogmind --------- Core Integrity 0/250 Matter 133/300 Energy 194/200 System Corruption 3% Temperature Cool (12) Movement Rolling (105) Location -10/Subcaves Parts ------- > --- POWER (1) -------- Subdweller Power Source > --- PROPULSION (2) --- Compact Wheel Subdweller Monowheel > --- UTILITY (2) ------ Large Storage Unit Improved Terrain Scanner > --- WEAPON (2) ------- Heavy Assault Rifle Heavy Assault Rifle > --- INVENTORY (15) --- Seismic Detector Scrap Shield Heavy Assault Rifle Heavy Assault Rifle Heavy Assault Rifle Heavy Assault Rifle Heavy Assault Rifle Subdweller Machine Gun Grenade Launcher Maul Peak State ------------ > --- POWER ------------ Subdweller Power Source > --- PROPULSION ------- Compact Wheel Subdweller Monowheel > --- UTILITY ---------- Large Storage Unit Improved Terrain Scanner > --- WEAPON ----------- Heavy Assault Rifle Subdweller Machine Gun > --- INVENTORY -------- Seismic Detector Scrap Shield Heavy Assault Rifle Heavy Assault Rifle Heavy Assault Rifle Heavy Assault Rifle Heavy Assault Rifle Heavy Assault Rifle Grenade Launcher Maul [Rating: 15] Favorites ----------- Power Ion Engine Engine Ion Engine Propulsion Light Treads Treads Light Treads Wheel Compact Wheel Utility Large Storage Unit Device Improved Terrain Scanner Storage Large Storage Unit Weapon Heavy Assault Rifle Ballistic Gun Heavy Assault Rifle Launcher Grenade Launcher Build | -11 -10 -10 ------- Run | Yrd Mat Sub Slots Evolved . | . . . Power . | . . . Propulsion . | . . . Utility . | . . . Weapon . | . . . Parts Attached 22 | 6 7 9 Power 4 | 1 1 2 Engine 4 | 1 1 2 Core . | . . . Reactor . | . . . Propulsion 7 | 2 3 2 Treads 5 | 2 3 . Leg . | . . . Wheel 2 | . . 2 Hover . | . . . Flight . | . . . Utility 3 | 1 1 1 Device 1 | . . 1 Storage 2 | 1 1 . Processor . | . . . Hackware . | . . . Protection . | . . . Artifact . | . . . Weapon 8 | 2 2 4 Energy Gun . | . . . Energy Cannon . | . . . Ballistic Gun 7 | 2 2 3 Ballistic Cannon . | . . . Launcher 1 | . . 1 Special Weapon . | . . . Impact Weapon . | . . . Slashing Weapon . | . . . Piercing Weapon . | . . . Special Melee Weapon . | . . . Unidentified Prototypes . | . . . Parts Lost 6 | . 1 5 Power 3 | . 1 2 Propulsion 2 | . . 2 Utility . | . . . Weapon 1 | . . 1 Highest Loss Streak 5 | . 1 5 To Critical Strikes . | . . . Average Backups 9 | 3 8 12 Power . | . . . Propulsion . | . 1 . Utility 2 | . 2 2 Weapon 5 | . 4 7 Tool/Special . | . . . Unused Backups 9 | . 4 5 Power . | . . . Propulsion . | . . . Utility 3 | . 1 2 Weapon 6 | . 3 3 Tool/Special . | . . . Average Slot Usage (%) 85 | . 84 86 Engine 13 | . 14 12 Treads 25 | . 27 21 Wheel 2 | . . 5 Device 1 | . . 3 Storage 14 | . 14 14 Ballistic Gun 27 | . 27 27 Peak Build Rating 15 | 6 10 15 Average Rating 9 | 5 8 10 On Entrance 5 | . 6 10 Avg Prop Armor Cover (%) 14 | . . 14 Naked Turns . | . . . Heaviest Build 33 | 13 31 33 Greatest Support 40 | 40 40 40 Greatest Overweight (x) 2 | . . 2 Average Overweight (x) . | . . . Largest Inventory Capacity 15 | 8 15 15 Average Capacity 13 | 7 12 15 Most Carried 14 | 5 12 14 Average Carried 10 | 3 8 12 Final Capacity 15 | 8 15 15 Final Carried 12 | 5 12 11 Class Distribution -------------------- 94% | Mutant 5% | Scavenger-Mutant Dominant Class ---------------- Mutant | -10/Materials Mutant | -10/Subcaves Resources | -11 -10 -10 ----------- Run | Yrd Mat Sub Matter Collected 855 | 237 490 128 Remotely . | . . . Salvage Created 1022 | 29 892 101 Parts 65 | 5 52 8 Haulers Intercepted 2 | . 2 . Recyclers Shooed 1 | . 1 . Parts Field Recycled . | . . . Retrieved Matter . | . . . Parts Self-Destructed 10 | . . 10 Prevented . | . . . Parts Restored . | . . . Kills | -11 -10 -10 ------- Run | Yrd Mat Sub Combat Hostiles Destroyed 20 | . 16 4 Guns 20 | . 16 4 Classes Destroyed 8 | 1 7 . Worker 3 | . 3 . Tunneler 1 | 1 . . Hauler 2 | . 2 . Recycler 3 | . 3 . Operator 1 | . 1 . Swarmer 8 | . 6 2 Grunt 8 | . 8 . Subdweller 4 | . 2 2 Best Kill Streak 5 | 1 5 2 Combat Bots Only 3 | . 3 2 Max Kills in Single Turn 2 | 1 2 1 Gunslinging 1 | . 1 . Exploded . | . . . Melee . | . . . Uniques/NPCs Destroyed . | . . . Combat | -11 -10 -10 -------- Run | Yrd Mat Sub Hostile Shots Fired 148 | . 77 71 Missed 49 | . 25 24 Hits 99 | . 52 47 Projectile 99 | . 52 47 Critical Strikes 2 | . 1 1 Damage Taken 1304 | . 568 736 Core 254 | . 141 113 Absorbed by Shields . | . . . Core Remaining (%) 100 | 100 . . Volleys Fired 82 | 1 55 26 Largest 2 | 2 2 2 Hottest 53 | 40 46 53 Shots Fired 161 | 2 111 48 Gun 158 | 2 111 45 Cannon . | . . . Launcher 3 | . . 3 Special . | . . . Kinetic 158 | 2 111 45 Thermal . | . . . Explosive 3 | . . 3 Electromagnetic . | . . . Robot Hit Streak 19 | 1 19 16 Robot Miss Streak 3 | . 3 2 Penetration Max . | . . . Secondary Targets 4 | . 3 1 Max Gunslinging Chain 1 | . 1 1 Shots Hit Robots 115 | 1 76 38 Core Hits 41 | 1 32 8 Critical Kills 1 | . . 1 Critical Parts Destroyed . | . . . Critical Strikes 2 | . . 2 Destroy 2 | . . 2 Melee Attacks . | . . . Impact . | . . . Slashing . | . . . Piercing . | . . . Sneak Attacks . | . . . Combat Hostiles . | . . . Follow-up Attacks . | . . . Damage Inflicted 1895 | 14 1251 630 Guns 1861 | 11 1220 630 Cannons . | . . . Explosions . | . . . Melee . | . . . Ramming 34 | 3 31 . Kinetic 1861 | 11 1220 630 Thermal . | . . . Explosive . | . . . Electromagnetic . | . . . Impact . | . . . Slashing . | . . . Piercing . | . . . Highest Corruption 3 | . 3 3 Average Corruption 2 | . 1 3 Corruption Purged . | . . . Corruption Blocked . | . . . Effects 42 | . 17 25 Message Errors 9 | . 2 7 Matter Fused 12 | . 5 7 Heat Flow Errors 8 | . 2 6 Energy Discharges 5 | . 2 3 Data Loss (minor) 4 | . 3 1 Data Loss (major) 1 | . 1 . Misfires 1 | . 1 . Alerts 1 | . 1 . Weapon Failures 1 | . . 1 Overload Shots . | . . . Overflow Damage . | . . . Projectiles . | . . . Explosions . | . . . Melee . | . . . Knockbacks . | . . . Impact . | . . . Kinetic . | . . . Secondary . | . . . Self-Inflicted Damage . | . . . Shots . | . . . Rammed 4 | 1 3 . Targets Rammed 6 | 1 5 . Kicked . | . . . Crushed 2 | . 2 . Highest Temperature 261 | . 261 233 Average Temperature 72 | . 49 102 Received Heat Transfer 258 | . 198 60 Siege Activations . | . . . Martial Activations . | . . . Shielding Activations . | . . . Robots Disrupted . | . . . Combat Hostiles . | . . . Robots Corrupted . | . . . Combat Hostiles . | . . . Parts Fried . | . . . Impact Corruptions . | . . . Robots Melted . | . . . Combat Hostiles . | . . . Parts Melted . | . . . Heat Transferred . | . . . Parts Sabotaged . | . . . Parts Stolen . | . . . Parts Stripped . | . . . Power Chain Reactions . | . . . Alert | -11 -10 -10 ------- Run | Yrd Mat Sub Maximum Alert Level . | . . . Low Security (%) 100 | 100 100 . Level 1 . | . . . Level 2 . | . . . Level 3 . | . . . Level 4 . | . . . Level 5 . | . . . High Security . | . . . Max Security . | . . . Peak Influence 105 | 5 105 . Initial . | . . . Average 26 | . 28 . Influence Increases 580 | 5 415 160 Destroy 0b10 Robot/C 320 | . 280 40 Destroy 0b10 Robot/NC 50 | 5 45 . Destroy Leader 64 | . 64 . Successful Hack 11 | . 11 . Lose Combat Pursuer 135 | . 15 120 Influence Decreases 464 | 5 415 44 Time Decay 457 | 5 408 44 Lost Part 7 | . 7 . Squads Dispatched 2 | . 2 . Investigation . | . . . Extermination . | . . . Reinforcement 2 | . 2 . Assault . | . . . Garrison . | . . . Intercept . | . . . Searches Triggered . | . . . Construction Impeded . | . . . Haulers Reinforced . | . . . Active Scanning Responses . | . . . Cargo Convoy Interrupts . | . . . Stealth | -11 -10 -10 --------- Run | Yrd Mat Sub Distress Signals 2 | . 2 . Communications Jammed . | . . . Distress Signals . | . . . Times Spotted 50 | . 32 18 Peak Tracking Total 6 | . 4 6 Tactical Retreats 5 | . 2 3 Traps | -11 -10 -10 ------- Run | Yrd Mat Sub Traps Triggered 5 | . 5 . Indirectly . | . . . Trap Hack Attempts . | . . . Triggered . | . . . Disarmed . | . . . Reprogrammed . | . . . Reused . | . . . Traps Extracted . | . . . Installed . | . . . Triggered . | . . . Machines | -11 -10 -10 ---------- Run | Yrd Mat Sub Machines Disabled 1 | . . 1 Max in Single Turn 1 | . . 1 Machines Repaired . | . . . Machines Dismantled . | . . . Machines Sabotaged . | . . . Overloaded Fab Kills . | . . . Hacking | -11 -10 -10 --------- Run | Yrd Mat Sub Machines Accessed 6 | . 3 3 Terminals 2 | . 2 . Fabricators . | . . . Repair Stations . | . . . Recycling Units 1 | . 1 . Scanalyzers . | . . . Garrison Access . | . . . Total Hacks 17 | . 11 6 Successful 12 | . 6 6 Failed 5 | . 5 . Catastrophic 1 | . 1 . Database Lockouts . | . . . Manual 6 | . 6 . Terminals 7 | . 7 . Fabricators . | . . . Repair Stations . | . . . Recycling Units 4 | . 4 . Scanalyzers . | . . . Garrison Access . | . . . Terminal Hacks 8 | . 2 6 Record 4 | . . 4 Robot Analysis 1 | . 1 . Open Door 1 | . . 1 Locate Traps 1 | . 1 . Release Object 1 | . . 1 Fabricator Hacks . | . . . Repair Station Hacks . | . . . Recycling Unit Hacks 2 | . 2 . Retrieve Matter 1 | . 1 . Retrieve Components 1 | . 1 . Scanalyzer . | . . . Garrison Access Hacks . | . . . Unauthorized Hacks 2 | . 2 . Terminals 1 | . 1 . Botnet 1 | . 1 . Fabricators . | . . . Repair Stations . | . . . Recycling Units 1 | . 1 . Reject 1 | . 1 . Scanalyzers . | . . . Garrison Access . | . . . Data Cores Recovered . | . . . Used . | . . . Hacking Detections 3 | . 3 . Full Trace Events . | . . . Feedback Events . | . . . Feedback Blocked . | . . . Robot Schematics Acquired . | . . . Robots Built . | . . . Authchips . | . . . Time . | . . . Total Robot Build Rating . | . . . Part Schematics Acquired . | . . . Parts Built . | . . . Authchips . | . . . Time . | . . . Total Part Build Rating . | . . . Part Studies Acquired . | . . . Parts Repaired . | . . . Time . | . . . Parts Recycled . | . . . Recycled Matter . | . . . Retrieved Matter 109 | . 109 . Retrieved Components 9 | . 9 . Parts Scanalyzed . | . . . Part Schematics Acquired . | . . . Parts Damaged . | . . . Bothacking | -11 -10 -10 ------------ Run | Yrd Mat Sub Used RIF Installer . | . . . Robots Hacked . | . . . Non-combat . | . . . Combat . | . . . Robot Hacks Applied . | . . . Relay Couplers Released . | . . . Fabnet Peak Effective % . | . . . Robots Rewired . | . . . Allies Hacked . | . . . Hacks Repelled . | . . . Allies | -11 -10 -10 -------- Run | Yrd Mat Sub Total Allies . | . . . Largest Group . | . . . Highest-Rated Group . | . . . Highest-Rated Ally . | . . . Total Orders . | . . . Ally Attacks . | . . . Total Damage . | . . . Kills . | . . . Allies Corrupted . | . . . Allies Melted . | . . . Intel | -11 -10 -10 ------- Run | Yrd Mat Sub Active Infowar (turns) 283 | . . 283 Terrain 283 | . . 283 Robot Analysis Total 1 | . 1 . Derelict Logs Recovered 1 | . . 1 Drone Launches . | . . . Drone Recoveries . | . . . Exploration | -11 -10 -10 ------------- Run | Yrd Mat Sub Turns Passed 3338 | 117 1924 1297 Spaces Moved 1857 | 69 1023 765 Core 13 | 13 . . Treads 1662 | 56 1023 583 Legs . | . . . Wheels 182 | . . 182 Hover . | . . . Flight . | . . . Fastest Speed 50 | 50 160 105 Average Speed 153 | 139 160 147 Slowest Speed 160 | 160 160 160 Overloaded Moves . | . . . Propulsion Burnouts . | . . . Robots Hopped . | . . . Potential Cave-ins . | . . . Cave-ins Triggered . | . . . Exploration Rate (%) 49 | 4 97 47 Regions Visited 2 Branch Regions 1 Pre-discovered Areas . | . . . Known Exits Taken . | . . . Unknown Exits Taken 2 | 1 1 . Scrap Searched . | . . . Spaces Dug . | . . . Terrain Destroyed 15 | . . 15 Melee . | . . . Projectile . | . . . AOE 15 | . . 15 Terrain Rammed . | . . . Walls Destroyed . | . . . Machines Disabled . | . . . Actions | -11 -10 -10 --------- Run | Yrd Mat Sub Total 2174 | 87 1200 887 Wait 161 | 1 78 82 Move 1855 | 68 1022 765 Hop . | . . . Pick Up 28 | 10 14 4 Fast Attach 8 | 1 7 . Attach 13 | 5 2 6 Detach . | . . . Swap 10 | . 6 4 Drop 11 | . 11 . Fire 82 | 1 55 26 Melee . | . . . Ram . | . . . Kick . | . . . Crush 6 | 1 5 . Escape Stasis . | . . . Rewire . | . . . Trap . | . . . Miscellaneous . | . . . Route ------- -11/Scrapyard -10/Materials (discovered 6 exits: [*Mat x3] / [*Min x2] / *Sub) -10/Subcaves (discovered 2 exits: [*Mat] / [*Rec]) History --------- Turn | Location | Event 8 | -11/Scrapyard | Discovered new exit (range 15) 118 | -11/Scrapyard | Entered Materials 157 | -10/Materials | Discovered new exit (range 8) 310 | -10/Materials | Build established: Mutant 544 | -10/Materials | Discovered new exit (range 15) 618 | -10/Materials | Derelicts attacked the area 653 | -10/Materials | Discovered new exit (range 10) 862 | -10/Materials | Discovered new exit (range 13) 1030 | -10/Materials | Core integrity fell below 50% 1694 | -10/Materials | Discovered new exit (range 4) 1773 | -10/Materials | Discovered new exit (range 16) 2042 | -10/Materials | Entered Subcaves 2050 | -10/Subcaves | Learned Materials security intel 2069 | -10/Subcaves | Ambushed by Subdwellers from Twisted Machinery 2140 | -10/Subcaves | Discovered new exit (range 10) 2274 | -10/Subcaves | Shifting Twisted Machinery released Scrap Shield 2623 | -10/Subcaves | A swath of the cavern ceiling suddenly collapsed 2861 | -10/Subcaves | Visited Clippyterm 2866 | -10/Subcaves | Learned Factory fabricator intel 3064 | -10/Subcaves | Core integrity fell below 20% 3100 | -10/Subcaves | Lost 5 parts (2p2n1w) 3145 | -10/Subcaves | Discovered new exit (range 15) 3201 | -10/Subcaves | Shifting Twisted Machinery released Mak. Leg 3203 | -10/Subcaves | Shifting Twisted Machinery released Sub. Beam Cannon 3339 | -10/Subcaves | Destroyed by Autobeam Turret with Autobeam Last Messages --------------- 03156_ S-10 Pest destroyed. 03156_ Switching to secondary target: S-10 Pest. 03156_ Destroyed Flight Unit. 03162_ S-10 Pest destroyed. 03163_ Flight Unit fries itself beyond repair. 03167_ System corrupted: Heat flow error (+123). 03167_ Lgt. Ion Engine fries itself beyond repair. 03169_ 95-JY1(R) destroyed. 03170_ Lgt. Assault Rifle fries itself beyond repair. 03173_ Flight Unit fries itself beyond repair. Mak. Leg falls loose from the Twisted Machinery. Sub. Beam Cannon falls loose from the Twisted Machinery. 03254_ Subatomizers dissect the Disposable Heat Sink. 03283_ /YAX%B%RNO0SWQDR/GA =NTH 03328_ Subatomizers dissect the Sub. Monowheel. 03335_ Machine disabled. Map ----- +----------------------------------------------------+ | ???????????#????# ##?# #??????????????????? | | ????????????????### ##?## #???????????????????? | | ?????????????#????# ##?# ##### ???????????????? | | ??????????#???????## #?# # ## #?????????????? | | ????????????#??#???# ### #?????????????? | | ??????????#????????### # # #????????????? | | ???????????????????### # #?##?? ?????????????? | | ???????????????????# # ###???? ????????????? | | ?????????????????### ######??#?# ????????????? | | ???????????##?????# ###???????# #?????????? | | ?????????#????????# &###?#???? #??????????? | | ????????????????#?# ##??## #??????????? | | ?????????#????#??### ### # #???#??????? | | ????????#??????????# #?? #??????????? | | ??????##???? ????### #?? #??????????? | | ???????"????? #?#??## # # #? #??????????? | | ??????????????? #?#?## ##?##?## ???????????? | | ??????????? ????????## ###???# ???????#????? | | ??????""? ??????? ?## ##?? #?????????????? | | ?????????????? ???## #### ##????????????? | | ?????????#??????### ##???????????? | | ??????"???#?#???## #????????????? | | ????#?????###&?## #### ## ##??#?????????? | | ??#??#" ???#*%### ##### #### #?????????????? | | ?????#" "###&=#% ###??# "#?????????????? | | ??????# &%& %! "" @#?#??# ""#?????????????? | | ???????#&&! %%% " #????#"" #?????????????? | | ???????### # #????#"= ????????????? | | ?????????# ### ###?#?"] #??????????? | | ?????? =%& ## #????? #??????????? | | ??? # # # # ##????" #??????????? | | ??? ??#?#### # ###?#?" ##??????????? | | ????????????# # # #""?"" #???????????? | | ???????#???? # """""""" ##???????????? | | ??????????? # """ """"" ###???????????? | | ??????????? ?## "" ##""?? ###?????????????? | | ??????????" t ??# ""###??"??#????????????????? | | ??????????" " " ??##" #????????????????????????? | | ??????????"""" ""????" "????????????????????????? | | ??????????????